 Dungeon Crawl Stone Soup version 0.28.0-43-g3370ac3207 (webtiles) character file.

Game seed: 17116980673536851626

11776 styxcanada the Unseen (level 11, 0/56 HPs)
             Began as a Spriggan Brigand on Mar 25, 2022.
             Was an Initiate of Gozag.
             Slain by Soldner's ghost (18 damage)
             ... on level 10 of the Dungeon.
             The game lasted 00:59:31 (14271 turns).

styxcanada the Unseen (Spriggan Brigand)           Turns: 14271, Time: 00:59:32

Health: 0/56       AC:  6    Str:  7    XL:     11   Next: 53%
Magic:  28/28      EV: 25    Int: 13    God:    Gozag
Gold:   469        SH:  0    Dex: 21    Spells: 19/19 levels left

rFire   + + .      SeeInvis +   G - +7 war axe of Adussogh {holy, rF+}
rCold   + . .      Faith    .   (no shield)
rNeg    . . .      Spirit   .   f - +2 robe {rC+ rF+}
rPois   .          Reflect  .   (helmet restricted)
rElec   .          Harm     .   c - +1 cloak
rCorr   .          Rampage  .   (gloves unavailable)
Will    +....                   (boots unavailable)
Stlth   +++++++...              j - amulet of the acrobat
HPRegen 0.18/turn               b - ring of magical power
MPRegen 0.21/turn               (no ring)

@: very quick
A: very small, no large weapons, unfitting armour, see invisible, speed 3
a: Renounce Religion, Potion Petition, Call Merchant, Bribe Branch


You were on level 10 of the Dungeon.
You worshipped Gozag.
Gozag was aware of your devotion.
You visited 2 branches of the dungeon, and saw 11 of its levels.
You also visited: Bailey.

You collected 736 gold pieces.
You spent 25 gold pieces at shops.
You paid 242 gold pieces to Gozag.

Inventory:

Hand Weapons
 a - a +5 vorpal dagger
 q - a +3 hunting sling
 D - a +4 dagger
 F - a +0 hand axe of flaming
 G - the +7 war axe of Adussogh (weapon) {holy, rF+}
   (You found it on level 10 of the Dungeon)

   It has been blessed by the Shining One to cause great damage to the undead
   and demons.
   rF:        It protects you from fire.
Missiles
 e - 2 curare-tipped darts
 g - 14 sling bullets
 i - 141 stones
 o - 11 boomerangs
 v - 23 poisoned darts (quivered)
 B - 3 throwing nets
Armour
 c - a +1 cloak (worn)
 f - a +2 robe of resistance (worn)
Jewellery
 b - a ring of magical power (left hand)
 j - an amulet of the acrobat (around neck)
 E - a ring of positive energy
Wands
 y - a wand of flame (9)
Scrolls
 h - a scroll of amnesia
 C - a scroll of fear {unknown}
Potions
 d - a potion of brilliance
 k - 4 potions of haste
 l - 2 potions of flight
 m - 2 potions of resistance
 n - 4 potions of curing
 p - 3 potions of cancellation
 r - 3 potions of lignification
 s - a potion of ambrosia {unknown}
 t - 3 potions of heal wounds
 u - a potion of invisibility
 w - a potion of mutation {unknown}
 x - a potion of attraction {unknown}
 z - 2 potions of magic
 A - a potion of might


   Skills:
 + Level 5.5 Fighting
 + Level 7.0 Short Blades
 + Level 6.7(8.0) Slings
 + Level 5.4(6.6) Throwing
 * Level 9.6 Dodging
 * Level 16.7 Stealth
 - Level 4.7 Spellcasting
 * Level 8.9 Evocations


You had 19 spell levels left.
You didn't know any spells.
Your spell library contained the following spells:

 Spells                   Type           Power      Damage    Failure   Level
 Sublimation of Blood     Necr           3%         N/A       28%         2
 Petrify                  Tmut/Erth      3%         N/A       88%         4
 Irradiate                Conj/Tmut      1%         3d14      99%         5


Dungeon Overview and Level Annotations

Branches:
Dungeon (10/15)            Temple (1/1) D:5          Bailey (visited)
   Lair: D:8-11         Orc: D:9-12

Altars:
Ashenzari
Cheibriados
Dithmenos
Elyvilon
Fedhas
Gozag
Hepliaklqana
Kikubaaqudgha
Makhleb
Nemelex Xobeh
Okawaru
Qazlal
Ru
Sif Muna
Trog
Uskayaw
Vehumet
Wu Jian
Xom
Yredelemnul
Zin
The Shining One

Shops:
D:4 *   D:8 :

Annotations:
D:6 3 runed translucent doors, smarlow's ghost, novice VSEn
D:10 Soldner's ghost, journeyman DDBe


Innate Abilities, Weirdness & Mutations

You are very small and have problems with some larger weapons.
You are too small for most types of armour.
You have supernaturally acute eyesight. (SInv)
You cover ground extremely quickly. (Speed+++)


Message History

Soldner's ghost is lightly damaged.
Soldner's ghost hits you!!
You barely miss Soldner's ghost.
Soldner's ghost is lightly damaged.
Soldner's ghost misses you. Soldner's ghost hits you.
You hit Soldner's ghost but do no damage.
Soldner's ghost is lightly damaged.
Soldner's ghost hits you.
You slash Soldner's ghost!
Soldner's ghost convulses.
Soldner's ghost is moderately damaged.
Soldner's ghost misses you. x2
You closely miss Soldner's ghost.
Soldner's ghost is moderately damaged.
Soldner's ghost is distracted by your dazzling golden aura.
Soldner's ghost turns its malevolent gaze towards you.
You hit Soldner's ghost but do no damage.
Soldner's ghost is no longer distracted by gold.
Soldner's ghost is moderately damaged.
Soldner's ghost completely misses you. Soldner's ghost barely misses you.
You hit Soldner's ghost but do no damage.
Soldner's ghost is moderately damaged.
Soldner's ghost completely misses you.
You hit Soldner's ghost but do no damage.
You punch Soldner's ghost, but do no damage.
Soldner's ghost is moderately damaged.
Soldner's ghost misses you. Soldner's ghost barely misses you.
You slash Soldner's ghost!
Soldner's ghost convulses.
Soldner's ghost is moderately damaged.
Soldner's ghost hits you but does no damage.
You closely miss Soldner's ghost.
Soldner's ghost is moderately damaged.
Soldner's ghost hits you! Soldner's ghost hits you.
You barely miss Soldner's ghost.
Soldner's ghost is moderately damaged.
Soldner's ghost barely misses you.
You hit Soldner's ghost but do no damage.
Soldner's ghost is moderately damaged.
Soldner's ghost hits you!!
You die...
Your body crumbles into a pile of gold.

###...# ###..# ....###
#...## .####
####.###### ##
###.........#
##########...........#
......##...#....######
......#..###...##♣♣♣##
.....W'.## #...#.....#
...W..### #...W@....♣
......# #...'.....♣
≈.##### ###.'.....♣
≈.### #..#....♣# ≈..>#
#..##♣♣$# ≈.#.# #.###
### ≈.....# #+ ......#
z........


You could see Soldner's ghost.

Vanquished Creatures
  Harold (D:8)
  A hydra (D:10)
  An orc knight (Bailey)
  Maggie (D:8)
  Psyche (D:8)
  A troll (D:7)
  A hornet (D:8)
  Prince Ribbit (D:8)
  12 yaks
  Eustachio (D:6)
  A steam dragon (D:9)
  A vampire mosquito (D:7)
  An acid dragon (D:9)
  A water moccasin (D:5)
  2 black bears
  4 orc warriors
  A sky beast (D:6)
  2 ogres
  3 necrophages
  2 phantoms
  A centaur (D:8)
  2 kobold brigands
  Blork the orc (D:6)
  A bullfrog (D:6)
  A water moccasin zombie (D:5)
  3 scorpions
  3 water moccasin skeletons
  8 wights
  2 howler monkeys
  3 centaur zombies
  A bullfrog zombie (D:6)
  3 hounds
  A bullfrog skeleton (D:7)
  2 gnoll shamans
  A jelly (D:7)
  2 orc priests
  A centaur skeleton (D:4)
  2 iguanas (D:5)
  Terence (D:2)
  4 orc wizards
  2 howler monkey zombies
  20 gnolls
  6 adders
  A shadow imp (D:8)
  An ufetubus (D:5)
  An adder skeleton (D:5)
  2 worms
  3 dart slugs
  45 orcs
  4 bats
  7 endoplasms
  6 giant cockroaches
  3 hobgoblins
  5 jackals (D:2)
  16 kobolds
  3 quokkas
  5 ball pythons
  5 frilled lizards
  7 goblins
  6 rats
230 creatures vanquished.

Vanquished Creatures (others)
  9 plants (D:5)
9 creatures vanquished.

Grand Total: 239 creatures vanquished

Notes
Turn   | Place    | Note
-------+----------+-------------------------------------------
     0 | D:1      | styxcanada the Spriggan Brigand began the quest for the
                  | Orb.
     0 | D:1      | Reached XP level 1. HP: 10/10 MP: 2/2
   185 | D:1      | Reached skill level 6 in Stealth
   323 | D:1      | Reached XP level 2. HP: 15/15 MP: 3/3
  1337 | D:2      | Noticed Terence
  1364 | D:2      | Killed Terence
  1365 | D:2      | Reached skill level 7 in Stealth
  1365 | D:2      | Reached XP level 3. HP: 18/18 MP: 4/4
  1514 | D:2      | Found a faded altar of an unknown god.
  2196 | D:2      | Reached XP level 4. HP: 23/23 MP: 5/5
  2790 | D:3      | Reached skill level 8 in Stealth
  2807 | D:3      | Found an ornate altar of the Wu Jian Council.
  2936 | D:3      | Found a broken altar of Ashenzari.
  3422 | D:3      | Reached XP level 5. HP: 26/26 MP: 6/6
  4368 | D:4      | You fall into a shaft and drop 2 floors!
  4369 | D:6      | Noticed a necrophage
  4383 | D:6      | Noticed Blork the orc
  4396 | D:6      | HP: 1/27 [Blork the orc/puff of frost (11)]
  4422 | D:5      | Entered Level 5 of the Dungeon
  4711 | D:4      | Noticed an ogre
  4711 | D:4      | Found Ibuij's Assorted Antiques.
  4760 | D:4      | Killed an ogre
  4761 | D:4      | Reached XP level 6. HP: 32/32 MP: 7/7
  4788 | D:4      | Bought a fizzy ruby potion for 25 gold pieces
  4876 | D:4      | Reached skill level 9 in Stealth
  5130 | D:4      | Reached XP level 7. HP: 28/35 MP: 8/8
  5627 | D:4      | Reached skill level 1 in Slings
  6441 | D:5      | Found a staircase to the Ecumenical Temple.
  6483 | Temple   | Entered the Ecumenical Temple
  6649 | D:5      | Reached skill level 1 in Evocations
  6786 | D:5      | Reached skill level 10 in Stealth
  6790 | D:5      | Reached XP level 8. HP: 40/40 MP: 9/9
  6899 | D:5      | Found a hazy altar of Hepliaklqana.
  7519 | D:6      | Reached skill level 11 in Stealth
  7521 | D:6      | Noticed Eustachio
  7525 | D:6      | Reached skill level 5 in Dodging
  7679 | D:6      | Killed Eustachio
  7760 | D:6      | Found a runed translucent gate.
  7762 | D:6      | Found a runed translucent gate.
  7762 | D:6      | Found a runed translucent gate.
  7773 | D:6      | Noticed smarlow's ghost (novice VSEn)
  7812 | D:6      | Reached skill level 12 in Stealth
  8050 | D:6      | Killed Blork the orc
  8857 | D:7      | Reached XP level 9. HP: 44/45 MP: 10/10
  8877 | D:7      | Identified the +6 hand crossbow of Upheaval {penet, rC++
                  | Will+ Str+3}
  9149 | D:7      | Reached skill level 5 in Short Blades
  9415 | D:7      | Found a blossoming altar of Fedhas.
  9505 | D:7      | Noticed a troll
  9508 | D:7      | Killed a troll
  9509 | D:7      | Reached skill level 5 in Evocations
  9680 | D:8      | Noticed Prince Ribbit
  9683 | D:8      | Killed Prince Ribbit
  9684 | D:8      | Reached skill level 13 in Stealth
  9699 | D:8      | Noticed Maggie
  9741 | D:8      | Killed Maggie
  9780 | D:8      | Found a flagged portal.
  9904 | Bailey   | Entered a bailey
  9913 | Bailey   | Reached skill level 5 in Fighting
  9913 | Bailey   | Reached skill level 5 in Throwing
  9913 | Bailey   | Reached skill level 14 in Stealth
  9913 | Bailey   | Reached XP level 10. HP: 51/51 MP: 18/18
 10394 | Bailey   | Noticed an orc knight
 10400 | Bailey   | HP: 1/47 [orc knight/+3 halberd (16)]
 10451 | Bailey   | Killed an orc knight
 10452 | Bailey   | Reached skill level 15 in Stealth
 10827 | D:8      | Noticed Psyche
 10831 | D:8      | Killed Psyche
 11029 | D:8      | Reached XP level 11. HP: 32/56 MP: 19/19
 11346 | D:8      | Noticed Harold
 11353 | D:8      | Found Oresse's Book Shoppe.
 11374 | D:8      | Killed Harold
 12466 | D:9      | Reached skill level 16 in Stealth
 12741 | D:9      | Found a white marble altar of Elyvilon.
 13785 | D:10     | Entered Level 10 of the Dungeon
 13802 | D:10     | Found an opulent altar of Gozag.
 13808 | D:10     | Became a worshipper of Gozag Ym Sagoz the Greedy
 13900 | D:10     | Found a runed translucent gate.
 13901 | D:10     | Found a runed translucent gate.
 13902 | D:10     | Found a runed translucent gate.
 13903 | D:10     | Noticed Soldner's ghost (journeyman DDBe)
 13905 | D:10     | Noticed a nine-headed hydra
 14138 | D:10     | Killed a nine-headed hydra
 14254 | D:10     | Identified the +7 war axe of Adussogh {holy, rF+}
 14271 | D:10     | Slain by Soldner's ghost

Illustrated notes

Levels and vault maps discovered:
D:1:      lightli_arrival_maybe_door_vault, layout_basic
D:2:      layout_basic, dreamdust_ecumenical_altar_angels_and_demons,
          uniq_terence
D:3:      layout_rooms, mainiacjoe_overflow_cross_hatched,
          mainiacjoe_overflow_paths, kennysheep_cross_bottleneck,
          grunt_ministairs_15
D:4:      layout_gridville, serial_shops, shop
D:5:      layout_loops_cross, nicolae_hepliaklqana_hazy_memory,
          minmay_temple_entry_tees
D:6:      layout_loops_ring, gammafunk_ghost_split, dk_noncrumbling_3,
          nicolae_zen_rock_garden, hangedman_decor_growths, uniq_eustachio,
          uniq_blork_the_orc
D:7:      layout_cave_pools, mainiacjoe_overflow_brackets,
          minmay_misc_feat_encased, corexii_corridor_pit, minmay_small_thing
D:8:      layout_basic, serial_shops, shop, enter_bailey_5, uniq_maggie,
          uniq_harold, uniq_psyche, uniq_prince_ribbit1
D:9:      layout_basic, mainiacjoe_overflow_alcove_1
D:10:     layout_roguey, grunt_gozag_breadcrumbs, erik_lair_orcish_takeover,
          gammafunk_ghost_hydra_chop, serial_shops,
          nicolae_shop_bloodbath_and_beyond, minivault_14
Temple:   regret_index_temple_sphere_string

Skill      XL: |  1  2  3  4  5  6  7  8  9 10 11 |
---------------+----------------------------------+-----
Stealth        | 6 7 8 9 10 12 14 15 16 | 16.7
Fighting       | 2 3 4 5 |  5.5
Dodging        | 2 3 4 5 8 9 |  9.6
Short Blades   | 3 4 6 7 |  7.0
Throwing       | 3 5 |  5.4
Slings         | 2 3 6 |  6.7
Evocations     | 2 4 7 8 |  8.9
Spellcasting   | 4 |  4.7

Action                   |  1- 3 |  4- 6 |  7- 9 | 10-12 || total
-------------------------+-------+-------+-------+-------++-------
Melee: Dagger            |    75 |   124 |   272 |   331 ||   802
       Punch             |     2 |     4 |     4 |    11 ||    21
       War axe           |       |       |       |    13 ||    13
 Fire: Hunting sling     |       |     6 |    92 |    62 ||   160
Throw: Dart              |    14 |    52 |    29 |    41 ||   136
       Throwing net      |       |       |     3 |       ||     3
       Stone             |       |       |     3 |       ||     3
Evoke: Wand              |       |       |    12 |     8 ||    20
  Use: Scroll            |       |     6 |    12 |     3 ||    21
       Potion            |       |       |     2 |     8 ||    10
 Stab: Sleeping          |     9 |    11 |    15 |    29 ||    64
       Distracted        |     1 |     1 |     5 |     1 ||     8
       Paralysed         |       |       |     9 |       ||     9
       Invisible         |       |       |       |    12 ||    12
Armor: Robe              |    10 |    10 |    30 |    13 ||    63
Dodge: Dodged            |    53 |    84 |   254 |   231 ||   622
